 Dungeon Crawl Stone Soup version 0.29.1 (webtiles) character file.

Game seed: 5490344145186888899

520 Lremus the Cleaver (level 7, -2/58 HPs)
             Began as a Hill Orc Fighter on Sept 12, 2022.
             Slain by a gnoll
             ... wielding a +0 halberd
             ... led by a gnoll bouda
              (8 damage)
             ... on level 4 of the Dungeon.
             The game lasted 00:08:32 (3736 turns).

Lremus the Cleaver (Hill Orc Fighter)               Turns: 3736, Time: 00:08:33

Health: -2/58      AC:  9    Str: 21    XL:     7   Next: 21%
Magic:  16/16      EV:  7    Int:  8    God:
Gold:   165        SH:  4    Dex: 10    Spells: 6/6 levels left

rFire   . . .      SeeInvis .   a - +0 war axe
rCold   . . .      Faith    .   c - +0 buckler
rNeg    . . .      Spirit   .   A - +0 chain mail
rPois   .          Reflect  .   (no helmet)
rElec   .          Harm     .   (no cloak)
rCorr   .          Rampage  .   (no gloves)
Will    .....                   (no boots)
Stlth   ..........              (no amulet)
HPRegen 0.19/turn               i - ring of magical power
MPRegen 0.15/turn               (no ring)

@: no status effects
A: no striking features
a: no special abilities


You were on level 4 of the Dungeon.
You visited 1 branch of the dungeon, and saw 4 of its levels.

You collected 165 gold pieces.

Inventory:

Hand Weapons
 a - a +0 war axe (weapon)
 b - a +1 demon trident of draining
 e - a +0 sling
Missiles
 n - 10 stones (quivered)
 p - 6 poisoned darts
 x - a throwing net
 y - 5 boomerangs
Armour
 c - a +0 buckler (worn)
 A - a +0 chain mail (worn)
Jewellery
 i - a ring of magical power (left hand)
Wands
 u - a wand of polymorph (6)
 v - a wand of roots (6)
Scrolls
 g - a scroll of enchant weapon {unknown}
 l - 3 scrolls of identify
 m - a scroll of poison {unknown}
 o - 2 scrolls of vulnerability {unknown}
 r - a scroll of butterflies {unknown}
 w - 3 scrolls of enchant armour {unknown}
Potions
 d - 2 potions of might
 f - a potion of heal wounds
 h - 3 potions of lignification
 j - a potion of mutation
 k - 2 potions of curing {unknown}
 q - a potion of degeneration {unknown}
 s - 2 potions of cancellation {unknown}
 t - a potion of berserk rage {unknown}
 z - a potion of attraction {unknown}


   Skills:
 - Level 3.8 Fighting
 + Level 9.8 Axes
 - Level 3.4 Armour
 - Level 3.4 Shields


You had 6 spell levels left.
You didn't know any spells.
Your spell library contained the following spells:

 Spells                   Type           Power      Damage    Failure   Level
 Beastly Appendage        Tmut           0%         N/A       99%         1
 Wereblood                Tmut           0%         N/A       100%        2
 Spider Form              Tmut/Pois      0%         N/A       100%        3


Dungeon Overview and Level Annotations

Branches:
Dungeon (4/15)
 Temple: D:4-7

Altars:
Cheibriados
The Shining One


Message History

The gnoll bouda barely misses you.
You hit the gnoll bouda.
The gnoll bouda is lightly wounded.
The gnoll hits you from afar with a +0 halberd.
The gnoll bouda barely misses you.
You slash the gnoll bouda!
The gnoll bouda is severely wounded.
The gnoll hits you from afar with a +0 halberd!
The gnoll bouda barely misses you.
You closely miss the gnoll bouda.
The gnoll bouda is severely wounded.
The gnoll barely misses you.
The gnoll bouda hits you with a +0 club!
You hit the gnoll bouda but do no damage.
The gnoll bouda is severely wounded.
The gnoll closely misses you.
The gnoll bouda hits you with a +0 club!
You are too injured to fight recklessly!
You closely miss the gnoll bouda.
The gnoll bouda is severely wounded.
The gnoll hits you from afar with a +0 halberd!
* * * LOW HITPOINT WARNING * * *
You block the gnoll bouda's attack.
You closely miss the gnoll bouda.
The gnoll bouda is severely wounded.
The gnoll hits you but does no damage.
The gnoll bouda utters an invocation to its god.
The gnoll bouda is healed somewhat.
You completely miss the gnoll bouda.
The gnoll bouda is heavily wounded.
The gnoll closely misses you.
The gnoll bouda hits you but does no damage.
You slash the gnoll bouda!
You kill the gnoll bouda!
The gnoll closely misses you.
The gnoll hits you from afar with a +0 halberd.
* * * LOW HITPOINT WARNING * * *
A gnoll comes into view. It is wielding a +0 whip.
The gnoll hits you with a +0 halberd!
You die...

##########...
##
#!..†.<......
#.
#.######.###.
.. #.# . #@#
#####g####
#.....g..#
#.###.##.#
#####.#...## ..
........#..##
#.#
#####.....###.#
.# #..†........
.# ##..........


You could see 2 gnolls.

Vanquished Creatures
  Sigmund (D:2)
  A hound (D:4)
  A gnoll bouda (D:4)
  An iguana (D:4)
  Ijyb (D:4)
  Natasha (thrice) (D:2)
  3 gnolls (D:3)
  8 adders
  A worm (D:2)
  7 dart slugs
  3 orcs (D:4)
  4 endoplasms
  6 giant cockroaches
  6 goblins
  5 hobgoblins
  3 jackals (D:2)
  4 kobolds
  2 quokkas
  3 ball pythons
  3 bats
  4 frilled lizards
  2 rats
72 creatures vanquished.

Vanquished Creatures (others)
  2 plants (D:1)
  A withered plant (D:1)
3 creatures vanquished.

Grand Total: 75 creatures vanquished

Notes
Turn   | Place    | Note
-------+----------+-------------------------------------------
     0 | D:1      | Lremus the Hill Orc Fighter began the quest for the Orb.
     0 | D:1      | Reached XP level 1. HP: 19/19 MP: 1/1
   125 | D:1      | Reached skill level 3 in Axes
   125 | D:1      | Reached XP level 2. HP: 27/27 MP: 2/2
   446 | D:1      | Found a faded altar of an unknown god.
   787 | D:2      | Reached skill level 4 in Axes
   787 | D:2      | Reached XP level 3. HP: 31/33 MP: 3/3
  1240 | D:2      | Reached skill level 5 in Axes
  1298 | D:2      | Noticed Sigmund
  1382 | D:1      | Reached XP level 4. HP: 23/40 MP: 4/4
  1783 | D:2      | Found a glowing golden altar of the Shining One.
  1787 | D:2      | Killed Sigmund
  1788 | D:2      | Reached skill level 7 in Axes
  1788 | D:2      | Reached XP level 5. HP: 23/46 MP: 5/5
  1790 | D:2      | Noticed Natasha
  1798 | D:2      | Killed Natasha
  1799 | D:2      | Reached XP level 6. HP: 21/52 MP: 6/6
  1803 | D:2      | Noticed Natasha
  1811 | D:2      | Killed Natasha
  1812 | D:2      | Reached skill level 8 in Axes
  2022 | D:2      | Noticed Natasha
  2035 | D:2      | Killed Natasha
  2830 | D:3      | Reached skill level 9 in Axes
  3081 | D:3      | Found a snail-covered altar of Cheibriados.
  3566 | D:4      | Reached XP level 7. HP: 34/58 MP: 7/7
  3701 | D:4      | Noticed Ijyb
  3710 | D:4      | Killed Ijyb
  3736 | D:4      | Slain by a gnoll

Illustrated notes

Levels and vault maps discovered:
D:1:      minmay_arrival_five_plusses, layout_basic,
          shapermc_ecumenical_altar_flowoftime
D:2:      layout_basic, basic_altar, uniq_natasha, uniq_sigmund
D:3:      kennysheep_big_flooded_room, layout_basic,
          mainiacjoe_overflow_alcove_2
D:4:      layout_loops_ring, yredelemnul_altar_generic, kennysheep_small_circle,
          uniq_ijyb

Skill      XL: |  1  2  3  4  5  6 |
---------------+-------------------+-----
Axes           | 3 4 5 7 9 |  9.8
Fighting       | |  3.8
Armour         | |  3.4
Shields        | |  3.4

Action                   |  1- 3 |  4- 6 |  7- 9 || total
-------------------------+-------+-------+-------++-------
Melee: War axe           |    97 |   126 |    26 ||   249
       Unarmed           |       |     8 |       ||     8
  Use: Potion            |       |     1 |       ||     1
       Scroll            |       |     3 |       ||     3
Armor: Scale mail        |    47 |    41 |       ||    88
       Skin              |       |     7 |       ||     7
       Chain mail        |       |     2 |     7 ||     9
Dodge: Dodged            |    48 |    54 |    13 ||   115
Block: Buckler           |    25 |    18 |     4 ||    47
